 Dungeon Crawl Stone Soup version 0.30-a0-371-gad7725a93e (webtiles) character file.

Game seed: 7093738173391533301

98189 Bnni the Impaler (level 16, -13/134 HPs)
             Began as a Formicid Fighter on Nov 20, 2022.
             Was a Priest of Yredelemnul.
             Killed from afar by a deep elf zephyrmancer (24 damage)
             ... with a bolt of lightning
             ... on level 1 of the Elven Halls.
             The game lasted 01:05:12 (22484 turns).

Bnni the Impaler (Formicid Fighter)                Turns: 22484, Time: 01:05:13

Health: -13/134    AC: 24    Str: 21    XL:     16   Next: 72%
Magic:  27/35      EV:  4    Int: 14    God:    Yredelemnul [***...]
Gold:   552        SH: 24    Dex: 13    Spells: 13/15 levels left

rFire   . . .      SeeInvis +    f - +9 bardiche of the Evil Eye {spect, Will- Int+3 SInv}
rCold   . . .      Faith    .    D - +0 tower shield
rNeg    + + +      Spirit   .    O - +6 plate armour of Noughts and Crosses {rN+++ MP+9 Str-5 Stlth+}
rPois   .          Reflect  +    (helmet unavailable)
rElec   .          Harm     .    P - +0 cloak of the Unbroken {+Inv Slay+2}
rCorr   .          Rampage  .    Q - +0 pair of gloves
Will    .....                    T - +0 pair of boots
Stlth   ..........               l - amulet of reflection
HPRegen 0.42/turn                o - +4 ring of slaying
MPRegen 0.24/turn                R - +4 ring of protection

@: silenced
A: permanent stasis, dig shafts and tunnels, antennae 3, four strong arms
a: Dig, Shaft Self, Renounce Religion, Evoke Invisibility


You were on level 1 of the Elven Halls.
You worshipped Yredelemnul.
Yredelemnul was pleased with you.
You visited 5 branches of the dungeon, and saw 24 of its levels.

You collected 2072 gold pieces.
You spent 1520 gold pieces at shops.

Inventory:

Hand Weapons
 c - a +1 trident of venom
 f - the +9 bardiche of the Evil Eye (weapon) {spect, Will- Int+3 SInv}
   (You bought it in a shop on level 2 of the Orcish Mines)

   When its wielder attacks, the weapon's spirit leaps out and strikes again.
   The spirit shares a part of any damage it takes with its wielder.
   Int:       It affects your intelligence (+3).
   SInv:      It lets you see invisible.
   Will:      It decreases your willpower.
 s - a +2 glaive of protection
Missiles
 d - 6 curare-tipped darts (quivered)
 u - 19 boomerangs
 z - 9 javelins
Armour
 D - a +0 tower shield (worn)
 O - the +6 plate armour of Noughts and Crosses (worn) {rN+++ MP+9 Str-5 Stlth+}
   (You bought it in a shop on level 2 of the Orcish Mines)

   Str:       It affects your strength (-5).
   rN:        It renders you almost immune to negative energy.
   MP:        It affects your magic capacity (+9).
   Stlth:     It makes you more stealthy.
 P - the +0 cloak of the Unbroken (worn) {+Inv Slay+2}
   (You bought it in a shop on level 2 of the Orcish Mines)

   Slay:      It affects your accuracy & damage with ranged weapons and melee
   (+2).
   +Inv:      It lets you turn invisible.
 Q - a +0 pair of gloves (worn)
 T - a +0 pair of boots (worn)
Jewellery
 l - an amulet of reflection (around neck)
 o - a +4 ring of slaying (left hand)
 F - a ring of resist corrosion
 H - a ring of poison resistance
 J - a ring of ice
 R - a +4 ring of protection (right hand)
Wands
 m - a wand of flame (32)
 C - a wand of acid (5)
 G - a wand of paralysis (35)
 N - a wand of polymorph (7)
 U - a wand of iceblast (7)
Scrolls
 b - 3 scrolls of enchant armour {unknown}
 g - 6 scrolls of enchant weapon
 i - a scroll of amnesia {unknown}
 j - 4 scrolls of poison
 k - 6 scrolls of magic mapping
 n - 2 scrolls of fog
 p - 3 scrolls of immolation
 t - 5 scrolls of fear
 w - 5 scrolls of vulnerability {unknown}
 y - a scroll of identify
 B - 4 scrolls of brand weapon
 I - a scroll of silence
Potions
 a - 8 potions of flight
 e - 2 potions of attraction
 h - 7 potions of curing
 q - 2 potions of lignification
 r - a potion of invisibility
 v - 2 potions of might
 x - a potion of resistance
 A - 5 potions of cancellation
 E - 5 potions of mutation
 K - 6 potions of magic
 L - a potion of ambrosia
Miscellaneous
 M - a box of beasts


   Skills:
 + Level 14.8 Fighting
 * Level 20.5 Polearms
 - Level 3.2 Armour
 + Level 17.2 Shields
 + Level 14.1 Invocations


You had 13 spell levels left.
You knew the following spells:

 Your Spells              Type           Power      Damage    Failure   Level
a - Wereblood             Tmut           0%         N/A       100%        2

Your spell library contained the following spells:

 Spells                   Type           Power      Damage    Failure   Level
 Beastly Appendage        Tmut           0%         N/A       100%        1
 Kiss of Death            Conj/Necr      0%         2d5       100%        1
 Magic Dart               Conj           0%         1d3       100%        1
 Summon Small Mammal      Summ           0%         N/A       100%        1
 Ensorcelled Hibernation  Hex/Ice        0%         N/A       100%        2
 Passwall                 Tmut/Erth      0%         N/A       100%        2
 Searing Ray              Conj           0%         2d4       100%        2
 Call Canine Familiar     Summ           0%         N/A       100%        3
 Confusing Touch          Hex            0%         N/A       100%        3
 Inner Flame              Hex/Fire       0%         N/A       100%        3
 Portal Projectile        Hex/Tloc       0%         N/A       100%        3
 Spider Form              Tmut/Pois      0%         N/A       100%        3
 Summon Guardian Golem    Hex/Summ       0%         N/A       100%        3
 Anguish                  Hex/Necr       0%         N/A       100%        4
 Cause Fear               Hex            0%         N/A       100%        4
 Dispel Undead            Necr           0%         3d6       100%        4
 Fulminant Prism          Conj/Hex       0%         3d5       100%        4
 Leda's Liquefaction      Hex/Erth       0%         N/A       100%        4
 Lee's Rapid Deconstruct  Erth           0%         3d4*      100%        5
 Summon Forest            Summ/Tloc      0%         N/A       100%        5
 Eringya's Noxious Bog    Tmut/Pois      0%         N/A       100%        6
 Iron Shot                Conj/Erth      0%         9d1       100%        6
 Statue Form              Tmut/Erth      0%         N/A       100%        6
 Summon Hydra             Summ           0%         N/A       100%        7
 Discord                  Hex            0%         N/A       100%        8
 Swiftness                Air            Unusable   N/A       N/A         3

Dungeon Overview and Level Annotations

Branches:
Dungeon (15/15)            Temple (1/1) D:6            Lair (5/5) D:9
  Swamp (0/4) Lair:2        Snake (0/4) Lair:2        Slime (0/5) Lair:4
    Orc (2/2) D:10            Elf (1/3) Orc:2        Vaults (0/5) D:13
 Depths (0/4) D:15

Altars:
Ashenzari
Cheibriados
Dithmenos
Elyvilon
Fedhas
Gozag
Hepliaklqana
Kikubaaqudgha
Makhleb
Nemelex Xobeh
Okawaru
Qazlal
Ru
Uskayaw
Vehumet
Wu Jian
Xom
Yredelemnul
Zin
The Shining One
Jiyva
Lugonu

Shops:
D:5 [   D:11 :   D:12 ?   Orc:2 ([*[

Portals:
Abyss: Lair:5


Innate Abilities, Weirdness & Mutations

You cannot be hasted, slowed, berserked, paralysed or teleported.
You can dig through walls and to a lower floor.
You have a pair of large antennae on your head. (SInv)
Your four strong arms can wield two-handed weapons with a shield.


Message History

The deep elf archer's inner flame fades away.
Your +9 bardiche of the Evil Eye {spect, Will- Int+3 SInv} is engulfed in blazing flames.
Your +9 bardiche of the Evil Eye {spect, Will- Int+3 SInv} fades away.
A deep elf zephyrmancer comes into view.
It is wielding a +0 long sword.
The deep elf archer mumbles some strange words.
The deep elf archer blinks!
Reach: f) +9 bardiche of the Evil Eye {spect, Will- Int+3 SInv}
Press: ? - help, Dir - move target, f - deep elf zephyrmancer
Aim: a deep elf zephyrmancer, wielding a +0 short sword (ally target, about 29% to evade the +9 bardiche of the Evil Eye)
You reach to attack!
You slash the deep elf zephyrmancer!
The deep elf zephyrmancer is moderately wounded.
Your +9 bardiche of the Evil Eye {spect, Will- Int+3 SInv} misses the deep elf zephyrmancer.
The deep elf zephyrmancer points at you and mumbles some strange words.
The bolt of lightning hits you!!
The bolt of lightning hits your +9 bardiche of the Evil Eye {spect, Will- Int+3 SInv}.
Your +9 bardiche of the Evil Eye {spect, Will- Int+3 SInv} resists.
Your spectral weapon shares its damage with you!
* * * LOW HITPOINT WARNING * * *
The orc priest calls down the wrath of Beogh upon you.
Beogh smites you!
* * * LOW HITPOINT WARNING * * *
The deep elf zephyrmancer gestures at you while chanting.
The bolt of lightning hits your +9 bardiche of the Evil Eye {spect, Will- Int+3 SInv}!
Your +9 bardiche of the Evil Eye {spect, Will- Int+3 SInv} resists.
Your spectral weapon shares its damage with you!
The bolt of lightning misses you. The bolt of lightning hits you!
* * * LOW HITPOINT WARNING * * *
The bolt of lightning misses Saint Roka.
* * * LOW HITPOINT WARNING * * *
Saint Roka is engulfed in blazing flames.
Saint Roka hits the deep elf zephyrmancer from afar with a +2 vorpal halberd!!
The deep elf zephyrmancer dies!
The dead are walking!
Okay, then.
As you read the scroll of silence, it crumbles to dust.
A profound silence engulfs you.
The deep elf zephyrmancer gestures at you while chanting.
The bolt of lightning hits you!!
You die...
Your body rises from the dead as a mindless zombie.

####.)...##### #.
+.#.....#.+.# #.# #
.###.....###.###.# .# ..
#.(...##...#.# #.##
...#.....##....# #...##
...))##..##...####.....#
.......)....e.#ZZ..)...#
.......).)....).Z§.#####
...###..###...##@○)# ..#
##)# ##.#####§'§).. ##
#.. ### .o§§). #.#
##))#.. ..# {)).). #.#
)..)) ... .#..


You could see a deep elf zephyrmancer, an orc priest (ally target), the friendly
Saint Roka the bound orc, a friendly deep elf demonologist zombie and a friendly
deep elf zephyrmancer zombie.

Vanquished Creatures
  A deep elf elementalist (Elf:1)
  3 deep elf demonologists (Elf:1)
  Josephine (Orc:2)
  A rakshasa (D:15)
  2 hydras
  6 centaur warriors
  A dancing weapon (Elf:1)
  2 boulder beetles (D:14)
  5 two-headed ogres
  3 orc high priests
  A vampire mage (D:15)
  A skeletal warrior (D:15)
  2 thrashing horrors (Lair:5)
  A deep elf knight (Elf:1)
  Lodul (D:12)
  A bog body (Lair:2)
  2 deep elf archers (Elf:1)
  5 orc knights
  A wizard (D:13)
  7 deep elf zephyrmancers (Elf:1)
  8 deep elf pyromancers
  2 oklob plants (Lair:5)
  6 orc sorcerers
  4 ugly things
  4 manticores
  A salamander (shapeshifter) (Lair:5)
  3 elephants (Lair:4)
  Maurice (D:12)
  3 gargoyles
  2 smoke demons (Lair:5)
  4 cane toads
  Psyche (D:12)
  3 komodo dragons
  3 ancient zymes (Lair:5)
  5 trolls
  5 polar bears
  Grinder (D:5)
  Prince Ribbit (Lair:1)
  3 hornets
  A polar bear (shapeshifter) (D:13)
  A dream sheep (Lair:5)
  2 slime creatures (D:13)
  3 spectral elves (Elf:1)
  21 blink frogs
  A large abomination (Lair:5)
  An air elemental (Elf:1)
  A vampire (D:5)
  2 ynoxinuls
  A water elemental (Elf:1)
  4 wraiths
  30 yaks
  2 wyverns
  A spriggan skeleton (D:15)
  3 steam dragons
  Eustachio (D:4)
  An elf zombie (Elf:1)
  A fire elemental (D:15)
  6 basilisks
  Menkaure (D:6)
  2 wargs (Orc:2)
  11 water moccasins
  6 small abominations (Lair:5)
  2 acid dragons
  An ice beast (D:7)
  26 orc warriors
  A black bear (D:6)
  2 sky beasts (D:7)
  16 wolves
  9 centaurs
  7 ogres
  2 phantoms
  A kobold brigand (D:7)
  Blork the orc (D:6)
  A gnoll sergeant (D:5)
  3 bullfrogs
  A necrophage (D:6)
  7 scorpions
  5 wights (D:6)
  6 killer bees
  2 electric eels (Lair:1)
  5 howler monkeys
  4 lava snakes (D:15)
  5 hounds
  4 jellies
  21 orc priests
  Crazy Yiuf (D:3)
  3 gnoll boudas
  4 iguanas
  14 orc wizards
  Ijyb (D:3)
  3 spectral orcs (Elf:1)
  8 adders
  18 gnolls
  2 white imps
  4 ufetubi
  2 worms (D:4)
  4 dart slugs
  57 orcs
  3 bats
  9 endoplasms
  4 giant cockroaches
  A gnoll zombie (Orc:1)
  10 goblins
  10 hobgoblins
  4 jackals
  19 kobolds
  4 quokkas
  9 ball pythons
  7 rats
543 creatures vanquished.

Vanquished Creatures (collateral kills)
  Roxanne (D:14)
  An ice dragon (Lair:3)
  A two-headed ogre (Orc:2)
  A death knight (D:13)
  A tengu warrior (D:15)
  2 orc high priests (Orc:2)
  The ghost of MirrMurr the Spear-Bearer, a journeyman TeBe of Trog (D:11)
  A deep elf knight (Elf:1)
  A thrashing horror (Lair:5)
  A skeletal warrior (D:15)
  A golden dragon zombie (D:15)
  A bog body (Lair:2)
  An orc knight (Orc:2)
  2 deep elf pyromancers
  A necromancer (D:15)
  A deep elf zephyrmancer (Elf:1)
  A cyclops (D:13)
  9 ugly things
  A stone giant zombie (D:15)
  An orc sorcerer (Orc:2)
  A black mamba (Lair:5)
  A fire giant skeleton (D:15)
  4 cane toads
  A smoke demon (Lair:5)
  3 elephants (Lair:4)
  A rime drake (Lair:3)
  4 komodo dragons
  2 tengu conjurers (D:15)
  A troll (Orc:1)
  A polar bear (Lair:3)
  5 slime creatures
  10 blink frogs (Lair:5)
  8 dream sheep (Lair:5)
  An air elemental (Elf:1)
  2 ynoxinuls (Lair:5)
  A basilisk (Lair:5)
  11 yaks
  A warg (Orc:2)
  An acid dragon (D:12)
  3 water moccasins
  13 orc warriors
  A sky beast (D:7)
  7 ogres
  14 wolves
  2 centaurs
  A kobold brigand (D:9)
  2 small abominations (Lair:5)
  A killer bee (D:8)
  A howler monkey (D:12)
  11 orc priests (Orc:2)
  3 orc wizards
  3 gnolls
  46 orcs
  2 kobolds (D:9)
  An orc zombie (Orc:2)
  2 butterflies (Lair:5)
202 creatures vanquished.

Vanquished Creatures (others)
  Kirke (D:14)
  3 ugly thing zombies
  5 centaur zombies
  3 humans (D:14)
  A hog (D:14)
  A two-headed ogre zombie (Orc:2)
  A human zombie (D:15)
  A cane toad zombie (Lair:5)
  A spectral smoke demon (Lair:5)
  3 dream sheep zombies (Lair:5)
  9 blink frog zombies
  A hog zombie (D:14)
  A centaur (D:14)
  An elf zombie (D:15)
  2 komodo dragon zombies (Lair:5)
  A kobold brigand (D:9)
  4 water moccasin zombies
  5 yak zombies
  12 wolf zombies
  2 bullfrog zombies
  2 scorpion zombies (D:7)
  An orc wizard (D:8)
  4 killer bee zombies (D:8)
  4 ogre zombies
  A howler monkey zombie (D:11)
  A jelly zombie (D:7)
  4 gnoll zombies
  3 kobolds
  5 kobold zombies
  50 orc zombies
  A spectral ufetubus (D:6)
  40 fungi
  72 plants
  6 withered plants (D:15)
252 creatures vanquished.

Grand Total: 997 creatures vanquished

Notes
Turn   | Place    | Note
-------+----------+-------------------------------------------
     0 | D:1      | Bnni the Formicid Fighter began the quest for the Orb.
     0 | D:1      | Reached XP level 1. HP: 18/18 MP: 1/1
    89 | D:1      | Reached XP level 2. HP: 24/24 MP: 2/2
   202 | D:1      | Reached XP level 3. HP: 13/29 MP: 3/3
   687 | D:1      | Reached skill level 3 in Polearms
  1043 | D:2      | Reached XP level 4. HP: 37/37 MP: 4/4
  1590 | D:3      | Reached XP level 5. HP: 42/42 MP: 5/5
  1607 | D:3      | Reached skill level 4 in Polearms
  1607 | D:3      | Reached skill level 5 in Shields
  1665 | D:3      | Reached XP level 6. HP: 42/49 MP: 6/6
  1803 | D:3      | Found a runed translucent door.
  1804 | D:3      | Noticed Crazy Yiuf
  1849 | D:3      | Killed Crazy Yiuf
  1949 | D:3      | Noticed Ijyb
  2001 | D:3      | Killed Ijyb
  2041 | D:3      | Reached skill level 5 in Polearms
  2443 | D:4      | Reached skill level 5 in Fighting
  2444 | D:4      | Reached XP level 7. HP: 18/56 MP: 7/7
  2835 | D:4      | Noticed Eustachio
  2864 | D:4      | Killed Eustachio
  2865 | D:4      | Reached skill level 6 in Polearms
  3050 | D:4      | Found a sparkling altar of Nemelex Xobeh.
  3053 | D:4      | Found a radiant altar of Vehumet.
  3060 | D:4      | Found a snail-covered altar of Cheibriados.
  3063 | D:4      | Found an opulent altar of Gozag.
  3065 | D:4      | Found a hide-covered altar of Uskayaw.
  3070 | D:4      | Found a glowing silver altar of Zin.
  3437 | D:5      | Entered Level 5 of the Dungeon
  3482 | D:5      | Reached XP level 8. HP: 64/64 MP: 8/8
  3657 | D:5      | Found Gisizel's Armour Emporium.
  3681 | D:5      | Noticed Grinder
  3708 | D:5      | Killed Grinder
  3709 | D:5      | Reached skill level 7 in Polearms
  3905 | D:5      | Noticed a vampire
  3934 | D:5      | Killed a vampire
  3935 | D:5      | Reached skill level 8 in Polearms
  3935 | D:5      | Reached XP level 9. HP: 45/71 MP: 9/9
  4729 | D:6      | Found a staircase to the Ecumenical Temple.
  4740 | Temple   | Entered the Ecumenical Temple
  4784 | Temple   | Became a worshipper of Yredelemnul the Dark
  4928 | D:6      | Reached * piety under Yredelemnul
  5025 | D:6      | Noticed Menkaure
  5033 | D:6      | Killed Menkaure
  5034 | D:6      | Reached skill level 9 in Polearms
  5034 | D:6      | Reached skill level 1 in Invocations
  5161 | D:6      | Found a white marble altar of Elyvilon.
  5238 | D:6      | Found a shadowy altar of Dithmenos.
  5305 | D:6      | Noticed Blork the orc
  5312 | D:6      | Killed Blork the orc
  5535 | D:7      | Reached XP level 10. HP: 80/80 MP: 10/12
  5580 | D:7      | Reached ** piety under Yredelemnul
  5661 | D:7      | Reached skill level 10 in Polearms
  6779 | D:8      | Identified the +3 leather armour of Xom's Respect {-Cast
                  | Int-4 Dex+9 SInv}
  7520 | D:9      | Found a staircase to the Lair.
  7532 | D:9      | Reached skill level 10 in Shields
  7540 | D:9      | Reached skill level 5 in Invocations
  7547 | D:9      | HP: 4/82 [yak (9)]
  7554 | D:9      | Reached XP level 11. HP: 23/87 MP: 14/14
  7777 | D:9      | Reached skill level 11 in Polearms
  7804 | D:9      | Reached *** piety under Yredelemnul
  8105 | D:9      | Reached **** piety under Yredelemnul
  8222 | D:9      | Reached ***** piety under Yredelemnul
  8692 | D:10     | Entered Level 10 of the Dungeon
  8895 | D:10     | Found a staircase to the Orcish Mines.
  9080 | D:10     | Identified a scroll of acquirement
  9081 | D:10     | Acquired a manual of Polearms
  9120 | D:10     | Reached skill level 12 in Polearms
  9332 | D:10     | Identified the +2 ring mail of the Lair of Beasts {Str+4}
  9472 | D:11     | Found a runed translucent door.
  9477 | D:11     | Noticed MirrMurr's ghost (journeyman TeBe)
  9544 | D:11     | Noticed a manticore
  9566 | D:11     | Killed a manticore
  9920 | D:11     | Found Juic's Book Shop.
  9929 | D:11     | Learned a level 2 spell: Wereblood
 10064 | D:11     | Killed MirrMurr's ghost
 10078 | D:11     | Got the Vellum of Stones
 10135 | D:12     | Found Giwalauf's Magic Scroll Boutique.
 10268 | D:12     | Reached skill level 10 in Fighting
 10299 | D:12     | Reached skill level 13 in Polearms
 10341 | D:12     | Noticed Psyche
 10345 | D:12     | Killed Psyche
 10346 | D:12     | Reached XP level 12. HP: 97/97 MP: 17/17
 10453 | D:12     | Noticed Lodul
 10463 | D:12     | Killed Lodul
 10652 | D:12     | Noticed Maurice
 10658 | D:12     | Reached skill level 14 in Polearms
 10664 | D:12     | Killed Maurice
 10704 | D:12     | You fall into a shaft and drop 2 floors!
 10709 | D:14     | Noticed a centaur warrior
 10711 | D:14     | Noticed a boulder beetle
 10711 | D:14     | Noticed a centaur warrior
 10718 | D:14     | Noticed Kirke
 10722 | D:14     | Killed a centaur warrior
 10727 | D:14     | Killed a centaur warrior
 10735 | D:14     | Killed Kirke
 10743 | D:14     | Killed a boulder beetle
 11029 | D:14     | Noticed a centaur warrior
 11035 | D:14     | Killed a centaur warrior
 11058 | D:13     | Reached skill level 15 in Polearms
 11538 | D:13     | Noticed a two-headed ogre
 11553 | D:13     | Killed a two-headed ogre
 11727 | D:13     | Noticed a death knight
 11738 | D:13     | Killed a death knight
 11739 | D:13     | Reached XP level 13. HP: 54/106 MP: 19/19
 11955 | D:13     | Noticed a centaur warrior
 11960 | D:13     | Killed a centaur warrior
 12308 | D:13     | Found a gate to the Vaults.
 12461 | D:12     | Identified the +7 whip of the Stork {holy, Will+ Dex+3}
 12479 | D:12     | Reached skill level 16 in Polearms
 12923 | D:14     | Noticed Roxanne
 12981 | D:14     | Killed Roxanne
 13122 | D:14     | Found a broken altar of Ashenzari.
 13466 | D:14     | Reached skill level 10 in Invocations
 13574 | D:15     | Entered Level 15 of the Dungeon
 13612 | D:15     | Noticed a centaur warrior
 13615 | D:15     | Killed a centaur warrior
 13616 | D:15     | Reached skill level 17 in Polearms
 13642 | D:15     | Noticed a centaur warrior
 13645 | D:15     | Noticed a centaur warrior
 13916 | D:15     | Found a staircase to the Depths.
 13931 | D:15     | Killed a centaur warrior
 14164 | D:15     | Noticed a rakshasa
 14175 | D:15     | Killed a rakshasa
 14176 | D:15     | Reached XP level 14. HP: 115/115 MP: 20/22
 14198 | D:15     | Reached ****** piety under Yredelemnul
 14286 | D:15     | Reached skill level 18 in Polearms
 14819 | Lair:1   | Entered Level 1 of the Lair of Beasts
 15100 | Lair:1   | Noticed Prince Ribbit
 15107 | Lair:1   | Killed Prince Ribbit
 15454 | Lair:2   | Found a staircase to the Snake Pit.
 15598 | Lair:2   | Found a staircase to the Swamp.
 16154 | Lair:3   | Reached skill level 15 in Shields
 16987 | Lair:4   | Found a staircase to the Slime Pits.
 16988 | Lair:4   | Found a viscous altar of Jiyva.
 17552 | Lair:4   | Reached XP level 15. HP: 111/124 MP: 21/24
 17878 | Lair:5   | Entered Level 5 of the Lair of Beasts
 17946 | Lair:5   | Reached skill level 19 in Polearms
 19408 | Lair:5   | Found a corrupted altar of Lugonu.
 19408 | Lair:5   | Found a one-way gate to the infinite horrors of the Abyss.
 20014 | Orc:1    | Entered Level 1 of the Orcish Mines
 20097 | Orc:2    | Entered Level 2 of the Orcish Mines
 20097 | Orc:2    | Noticed Josephine
 20111 | Orc:2    | Killed Josephine
 20599 | Orc:2    | Reached XP level 16. HP: 93/129 MP: 25/25
 20705 | Orc:2    | Found Jeacev's Antique Armour Boutique.
 20726 | Orc:2    | Found Yruseb's Assorted Antiques.
 20744 | Orc:2    | Bought a clear potion for 27 gold pieces
 21127 | Orc:2    | Found Dyovvin's Antique Armour Shoppe.
 21149 | Orc:2    | Noticed Saint Roka
 21165 | Orc:2    | Reached skill level 20 in Polearms
 21175 | Orc:2    | Killed Saint Roka
 21175 | Orc:2    | Enslaved Saint Roka
 21381 | Orc:2    | Found Ennosad's Antique Weapon Emporium.
 21510 | Orc:2    | Bought an ancient bardiche for 238 gold pieces
 21510 | Orc:2    | Identified the +9 bardiche of the Evil Eye {spect, Will-
                  | Int+3 SInv} (You bought it in a shop on level 2 of the
                  | Orcish Mines)
 21645 | Orc:2    | Found a staircase to the Elven Halls.
 22222 | Orc:2    | Bought a distressingly furry cloak for 275 gold pieces
 22222 | Orc:2    | Identified the +0 cloak of the Unbroken {+Inv Slay+2} (You
                  | bought it in a shop on level 2 of the Orcish Mines)
 22289 | Orc:2    | Bought a transparent plate armour for 980 gold pieces
 22289 | Orc:2    | Identified the +6 plate armour of Noughts and Crosses
                  | {rN+++ MP+9 Str-5 Stlth+} (You bought it in a shop on level
                  | 2 of the Orcish Mines)
 22394 | Elf:1    | Entered Level 1 of the Elven Halls
 22457 | Elf:1    | Noticed an Ice Fiend
 22475 | Elf:1    | Noticed an Executioner
 22476 | Elf:1    | Noticed a Brimstone Fiend
 22484 | Elf:1    | Killed from afar by a deep elf zephyrmancer

Illustrated notes

Levels and vault maps discovered:
D:1:      lemuel_arrival_broad_hall, layout_basic
D:2:      layout_basic, kennysheep_generic_room_13
D:3:      layout_rooms, serial_bayou_lagoon_a, minivault_24,
          minmay_crystal_water, uniq_ijyb, uniq_crazy_yiuf_cottage
D:4:      layout_basic, nicolae_overflow_hallway_of_the_gods,
          serial_bayou_pond_c, minmay_fractal_squares_5, uniq_eustachio
D:5:      cheibrodos_fzero, layout_gridville, serial_shops, shop, uniq_grinder
D:6:      layout_loops_corners, marbit_many_paths, grunt_dithmenos_shadows,
          minmay_temple_entry_overgrown, minmay_misc_feat_secret_circle,
          dreamdust_gnoll_farm, uniq_menkaure, uniq_blork_the_orc
D:7:      layout_basic, st_stairs_5
D:8:      layout_basic, minmay_misc_feat_iff, hangedman_decor_peaks_small
D:9:      layout_stronghold, lair_entry_dummy, serial_column_ruins,
          column_ruins_square_large, column_ruins_hut,
          column_ruins_columns_straight, column_ruins_columns_corner,
          column_ruins_open_small, column_ruins_columns_dead_end,
          column_ruins_corridor_straight, amcnicky_mini_pool_small
D:10:     layout_irregular_city, orc_0_dummy
D:11:     layout_gridville, hellmonk_ghost_big_iron, serial_shops,
          nicolae_square_shop
D:12:     layout_basic, serial_shops, shop, feat_on_display, uniq_lodul,
          uniq_psyche, uniq_maurice
D:13:     layout_basic, david_vaults_4, minmay_misc_feat_enclosed
D:14:     layout_long_grid, lemuel_crystal_altar, uniq_roxanne, uniq_kirke
D:15:     gammafunk_depths_entry_grave, layout_basic,
          minmay_misc_feat_more_columns
Temple:   nicolae_temple_great_sept
Lair:1:   layout_big_grid, dpeg_stationary_puzzle, uniq_prince_ribbit2
Lair:2:   layout_cave_shapes, skrybe_swamp_entry_bodies,
          guppyfry_snake_entry_garden, serial_bayou_shore_b
Lair:3:   dragon1_lemuel, layout_loops_ring, grunt_forest_large_clearings,
          infiniplex_staircase_pool_2
Lair:4:   layout_cave_pods, slime_entry_1
Lair:5:   hellmonk_lair_end_abyssal_woods, layout_regular_city,
          minmay_lair_oklob_items, serial_bayou_shore_b, lemuel_fruit_fields,
          serial_bayou_shore_a
Orc:1:    layout_caves, basic_altar
Orc:2:    pubby_orc_utopia, serial_shops, uniq_josephine
Elf:1:    minmay_elf_arrival_summoners, layout_rooms, serial_shops, shop,
          orc_legates, grunt_megastairs_3

Skill      XL: |  1  2  3  4  5  6  7  8  9 10 11 12 13 14 15 16 |
---------------+-------------------------------------------------+-----
Polearms       | 3 4 5 6 8 9 10 13 15 17 18 19 20 | 20.5
Fighting       | 4 5 6 7 8 10 11 12 13 14 | 14.8
Shields        | 5 6 7 8 10 11 12 14 15 16 17 | 17.2
Invocations    | 2 5 7 9 10 12 13 14 | 14.1
Armour         | |  3.2

Action                   |  1- 3 |  4- 6 |  7- 9 | 10-12 | 13-15 | 16-18 || total
-------------------------+-------+-------+-------+-------+-------+-------++-------
Melee: Trident           |    94 |   126 |   240 |   456 |    50 |       ||   966
       Quarterstaff      |       |    54 |       |       |       |       ||    54
       Halberd           |       |       |       |    39 |   648 |       ||   687
       Glaive            |       |       |       |       |    47 |   116 ||   163
       Bardiche          |       |       |       |       |       |    69 ||    69
Throw: Dart              |       |     4 |     3 |     2 |       |       ||     9
       Boomerang         |       |       |     2 |       |       |       ||     2
       Javelin           |       |       |     1 |       |       |       ||     1
Invok: Recall Undead Har |       |       |       |     6 |    15 |     4 ||    25
       Dark Bargain      |       |       |       |     1 |       |     4 ||     5
       Bind Soul         |       |       |       |       |     1 |     1 ||     2
       Drain Life        |       |       |       |       |       |     3 ||     3
 Abil: Dig               |       |       |       |     1 |       |       ||     1
  Use: Scroll            |       |     3 |     8 |     8 |    10 |     3 ||    32
       Potion            |       |       |     5 |     4 |     1 |     2 ||    12
 Stab: Distracted        |       |       |       |     2 |    10 |     3 ||    15
       Invisible         |       |       |       |     1 |       |       ||     1
Armor: Scale mail        |    23 |       |       |       |       |       ||    23
       Plate armour      |     4 |    78 |    58 |   136 |       |     7 ||   283
       Skin              |       |       |    62 |       |       |       ||    62
       Chain mail        |       |       |       |       |    99 |    10 ||   109
Dodge: Dodged            |    30 |    30 |    16 |    40 |    41 |    11 ||   168
Block: Buckler           |    19 |    72 |       |       |       |       ||    91
       Reflection        |       |     4 |     7 |    26 |    25 |     2 ||    64
       Tower shield      |       |    37 |   222 |   432 |   412 |    90 ||  1193

Table legend: (Time is in decaauts)
 A = Elapsed time spent in this place.
 B = Non-inter-level travel time spent in this place.
 C = Inter-level travel time spent in this place.
 D = Time resting spent in this place.
 E = Time spent auto-exploring this place.
 F = Levels seen in this place.
 G = Mean time per level.
                   A        B        C        D        E       F      G
               +--------+--------+--------+--------+--------+-----+--------+
         Total |  22438 |  21406 |   1032 |   1772 |  15488 |  24 |  934.9 |
       Dungeon |  14854 |  14183 |    671 |   1531 |   9933 |  15 |  990.3 |
        Temple |     56 |     45 |     11 |      0 |     34 |   1 |   56.0 |
          Lair |   5094 |   4883 |    211 |    125 |   3961 |   5 | 1018.8 |
  Orcish Mines |   2342 |   2203 |    139 |    111 |   1559 |   2 | 1171.0 |
   Elven Halls |     90 |     90 |      0 |      5 |      0 |   1 |   90.0 |
               +--------+--------+--------+--------+--------+-----+--------+

Top non-repeatable levels by time:
   Orc:2: 2262 daAuts
  Lair:5: 1983 daAuts
    D:13: 1393 daAuts
     D:9: 1291 daAuts
    D:14: 1233 daAuts
     D:5: 1131 daAuts
     D:4: 1090 daAuts
  Lair:3: 1049 daAuts
     D:8: 983 daAuts
    D:15: 970 daAuts
     D:7: 944 daAuts
  Lair:4: 935 daAuts
     D:6: 927 daAuts
    D:12: 908 daAuts
     D:3: 896 daAuts
